 Dungeon Crawl Stone Soup version 0.30-a0-1074-g5db6f66fbb (webtiles) character file.

Game seed: 8499357554858073718

450 themarg the Caller (level 7, -2/46 HPs)
             Began as a Merfolk Summoner on Apr 13, 2023.
             Was an Initiate of Gozag.
             Slain by an ufetubus (4 damage)
             ... summoned by Eustachio
             ... on level 4 of the Dungeon.
             The game lasted 00:11:46 (4436 turns).

themarg the Caller (Merfolk Summoner)               Turns: 4436, Time: 00:11:46

Health: -2/46      AC:  3    Str:  8      XL:     7   Next: 4%
Magic:  6/10       EV: 12    Int: 17      God:    Gozag
Gold:   338        SH:  0    Dex: 13 (14) Spells: 4/10 levels left

rFire   . . .      SeeInvis .    p - +0 spear
rCold   . . .      Faith    .    (no shield)
rNeg    . . .      Spirit   .    a - +0 robe
rPois   .          Reflect  .    (no helmet)
rElec   .          Rampage  .    y - +0 cloak
rCorr   .                        (no gloves)
Will    .....                    (no boots)
Stlth   +++                      (no amulet)
HPRegen 0.27/turn                (no ring)
MPRegen 0.12/turn                (no ring)

@: no status effects
A: (nimble swimmer 2), mertail
a: Renounce Religion, Potion Petition, Call Merchant, Bribe Branch


You were on level 4 of the Dungeon.
You worshipped Gozag.
Gozag was aware of your devotion.
You visited 1 branch of the dungeon, and saw 4 of its levels.

You collected 338 gold pieces.

Inventory:

Hand Weapons
 l - a +0 whip
 p - a +0 spear (weapon)
 w - a +0 trident
Missiles
 c - 26 stones
 h - 5 poisoned darts
 x - 6 curare-tipped darts
Armour
 a - a +0 robe (worn)
 y - a +0 cloak (worn)
Scrolls
 e - a scroll of blinking
 f - a scroll of butterflies
 g - a scroll of silence {unknown}
 k - 2 scrolls of fear
 n - a scroll of enchant weapon {unknown}
 q - a scroll of fog {unknown}
 r - a scroll of teleportation {unknown}
 t - a scroll of enchant armour {unknown}
 u - a scroll of acquirement {unknown}
 v - a scroll of immolation {unknown}
Potions
 b - a potion of magic
 i - a potion of resistance
 j - a potion of curing
 m - a potion of haste {unknown}
 o - a potion of brilliance {unknown}
Miscellaneous
 s - a piece from Xom's chessboard (2/15)


   Skills:
 - Level 2.6 Dodging
 + Level 6.3 Stealth
 - Level 2.0 Spellcasting
 + Level 6.4 Summonings


You had 4 spell levels left.
You knew the following spells:

 Your Spells              Type           Power      Damage    Failure   Level
a - Summon Small Mammal   Summ           92%        N/A       1%          1
b - Call Imp              Summ           46%        N/A       1%          2
c - Call Canine Familiar  Summ           23%        N/A       4%          3

Your spell library contained the following spells:

 Spells                   Type           Power      Damage    Failure   Level
 Summon Guardian Golem    Hex/Summ       12%        N/A       16%         3
 Blink                    Tloc           2%         N/A       28%         2
 Lesser Beckoning         Tloc           2%         N/A       28%         2
 Summon Lightning Spire   Summ/Air       12%        N/A       45%         4
 Gell's Gravitas          Tloc           1%         N/A       50%         3
 Teleport Other           Tloc           1%         N/A       50%         3
 Manifold Assault         Tloc           1%         N/A       88%         4
 Passage of Golubria      Tloc           1%         N/A       88%         4
 Silence                  Hex/Air        0%         N/A       99%         5
 Storm Form               Tmut/Air       0%         N/A       100%        7
 Lehudib's Crystal Spear  Conj/Erth      0%         10d2      100%        8


Dungeon Overview and Level Annotations

Branches:
Dungeon (4/15)
 Temple: D:4-7

Altars:
Gozag
Trog
Xom
Yredelemnul

Shops:
D:3 =

Annotations:
D:4 Eustachio


Innate Abilities, Weirdness & Mutations

((You are very nimble when in or above water. (Stealth+, EV+, Speed+++)))
Your lower body shifts to a powerful aquatic tail in water.


Message History

Eustachio blinks!
Reach: p) +0 spear
Press: ? - help, Dir - move target, f/p - Eustachio
Aim: Eustachio, wielding a +4 heavy falchion and wearing a +0 leather armour (almost dead, misshapen and mutated, about 52% to evade your +0 spear)
You reach to attack!
You barely miss Eustachio.
Eustachio is almost dead.
The quasit disappears in a puff of smoke!
Your bat barely misses Eustachio.
The iron imp hits you!
* * * LOW HITPOINT WARNING * * *
Eustachio mumbles some strange words.
The ufetubus misses you. The ufetubus hits you.
* * * LOW HITPOINT WARNING * * *
You feel better.
The quokka twitches its whiskers.
The quokka bites you but does no damage.
The bat hits you but does no damage. The ufetubus closely misses you. x2
The iron imp hits you!
* * * LOW HITPOINT WARNING * * *
The quokka bites you but does no damage.
Reach: p) +0 spear
Press: ? - help, Dir - move target, f/p - Eustachio
Aim: Eustachio, wielding a +4 heavy falchion and wearing a +0 leather armour (grey smoke, almost dead, misshapen and mutated, ally target, about 52% to evade your +0 spear)
You barely miss Eustachio.
Eustachio is almost dead.
Your bat closely misses Eustachio.
The bat closely misses you.
Your bat hits Eustachio. The ufetubus barely misses you.
The ufetubus misses you. The iron imp closely misses you.
Eustachio gestures wildly while chanting.
Eustachio blinks!
The quokka barely misses you. The ufetubus closely misses you.
The ufetubus barely misses you. The quokka closely misses you.
The quokka misses you. The ufetubus hits you.
* * * LOW HITPOINT WARNING * * *
The ufetubus hits you but does no damage.
Eustachio says, "Summoning is fun!"
The bat misses you. The iron imp barely misses you.
You make a move on Xom's chessboard...
The quokka is moving more slowly.
Your bat barely misses the ufetubus.
The bat hits you but does no damage. The ufetubus hits you.
You die...
Your body crumbles into a pile of gold.

. $##.##.## $$#.#...#
#. $ #.#...# ...
.#...# >.. #...#
#.### #...# ....ยง.
.####.b.######...##.
........5...$....K..$
......b@5$.....$..# $
...)...rr.(@...$....
#####..r#####.......
#...# ....... #...#
#####.# #...# # #.#..
#...# ####


You could see Eustachio (misshapen, ally target), an iron imp (summoned), an
ufetubus (summoned, misshapen), 3 quokkas, a bat (summoned) and a friendly bat
(summoned).

Vanquished Creatures
  Natasha (D:3)
  An adder (D:2)
  A dart slug (D:1)
  A ball python (D:3)
  3 bats (D:3)
  A hobgoblin (D:3)
  A jackal (D:2)
  A frilled lizard (D:1)
  2 kobolds
  A rat (D:1)
13 creatures vanquished.

Vanquished Creatures (collateral kills)
  Grinder (D:3)
  A scorpion (D:3)
  Terence (D:3)
  Natasha (twice) (D:3)
  An adder (D:3)
  2 worms
  2 dart slugs
  4 orcs (D:2)
  2 ball pythons
  5 endoplasms
  A giant cockroach (D:3)
  4 hobgoblins
  6 jackals (D:2)
  4 kobolds
  4 quokkas (D:1)
  11 bats
  A frilled lizard (D:1)
  5 goblins
  2 rats (D:1)
  A butterfly (D:3)
60 creatures vanquished.

Grand Total: 73 creatures vanquished

Notes
Turn   | Place    | Note
-------+----------+-------------------------------------------
     0 | D:1      | themarg the Merfolk Summoner began the quest for the Orb.
     0 | D:1      | Reached XP level 1. HP: 13/13 MP: 3/3
   108 | D:1      | Reached XP level 2. HP: 5/19 MP: 1/5
   111 | D:1      | Learned a level 2 spell: Call Imp
   744 | D:1      | Reached XP level 3. HP: 24/24 MP: 1/6
   748 | D:1      | Learned a level 3 spell: Call Canine Familiar
  2405 | D:2      | Reached XP level 4. HP: 22/30 MP: 1/7
  2464 | D:2      | Found a faded altar of an unknown god.
  2468 | D:2      | Prayed at the altar of an unknown god.
  2468 | D:2      | Became a worshipper of Gozag Ym Sagoz the Greedy
  2859 | D:3      | Noticed Natasha
  2994 | D:3      | Killed Natasha
  2995 | D:3      | Reached skill level 5 in Summonings
  3179 | D:3      | Found a shimmering altar of Xom.
  3244 | D:3      | Noticed Natasha
  3252 | D:3      | Killed Natasha
  3253 | D:3      | Reached XP level 5. HP: 30/35 MP: 4/8
  3319 | D:3      | Noticed Grinder
  3346 | D:3      | Paralysed by Grinder for 3 turns
  3355 | D:3      | Killed Grinder
  3356 | D:3      | Reached skill level 5 in Stealth
  3356 | D:3      | Reached XP level 6. HP: 41/41 MP: 2/9
  3519 | D:3      | Found a faded altar of an unknown god.
  3523 | D:3      | Found a basalt altar of Yredelemnul.
  3606 | D:3      | Noticed Terence
  3620 | D:3      | Killed Terence
  3697 | D:3      | Found Nahycugu's Jewellery Emporium.
  3905 | D:3      | Noticed Natasha
  3919 | D:3      | Killed Natasha
  3920 | D:3      | Reached XP level 7. HP: 38/46 MP: 2/10
  4360 | D:4      | Found a bloodstained altar of Trog.
  4391 | D:4      | Noticed Eustachio
  4430 | D:4      | HP: 2/46 [iron imp[Eustachio] (3)]
  4435 | D:4      | HP: 2/46 [ufetubus[Eustachio] (2)]
  4436 | D:4      | Slain by an ufetubus

Illustrated notes

Levels and vault maps discovered:
D:1:      dpeg_arrival_tiny_i, layout_basic
D:2:      layout_basic, hellmonk_ecumenical_altar_defaced_shrine
D:3:      layout_basic, nicolae_overflow_ecumenical_swirl, xom_butterflies,
          serial_shops, nicolae_shop_stone, roderic_batcave, st_stairs_14,
          uniq_natasha, uniq_grinder, uniq_terence
D:4:      cheibrodos_greedy_goblins, layout_loops_cross,
          mainiacjoe_overflow_surrounded_room, gammafunk_temple_overflow_pools,
          nicolae_shop_fire_sale [nicolae_sub_dead_trees], minmay_snake_closets,
          uniq_eustachio

Skill      XL: |  1  2  3  4  5  6 |
---------------+-------------------+-----
Stealth        | 3 4 5 6 |  6.3
Summonings     | 5 6 |  6.4
Dodging        | |  2.6
Spellcasting   | |  2.0

Action                     |  1- 3 |  4- 6 |  7- 9 || total
---------------------------+-------+-------+-------++-------
  Melee: Unarmed           |    26 |       |       ||    26
         Whip              |     8 |     9 |       ||    17
         Spear             |       |    21 |    24 ||    45
         Punch             |       |     1 |       ||     1
   Cast: Summon Small Mamm |    46 |     5 |     3 ||    54
         Call Imp          |    20 |    12 |     3 ||    35
         Call Canine Famil |     2 |    14 |     3 ||    19
  Evoke: Piece from Xom's  |       |     9 |    10 ||    19
    Use: Scroll            |       |       |     5 ||     5
         Potion            |       |       |     2 ||     2
   Stab: Distracted        |       |     3 |       ||     3
 Armour: Robe              |     4 |     3 |    25 ||    32
  Dodge: Dodged            |    26 |    11 |    58 ||    95

Table legend: (Time is in decaauts)
 A = Elapsed time spent in this place.
 B = Non-inter-level travel time spent in this place.
 C = Inter-level travel time spent in this place.
 D = Time resting spent in this place.
 E = Time spent auto-exploring this place.
 F = Levels seen in this place.
 G = Mean time per level.
                   A        B        C        D        E       F      G
               +--------+--------+--------+--------+--------+-----+--------+
         Total |   4452 |   4346 |    106 |    111 |   3457 |   4 | 1113.0 |
       Dungeon |   4452 |   4346 |    106 |    111 |   3457 |   4 | 1113.0 |
               +--------+--------+--------+--------+--------+-----+--------+

Top non-repeatable levels by time:
     D:1: 1670 daAuts
     D:3: 1403 daAuts
     D:2: 1159 daAuts
     D:4: 218 daAuts
